 Dungeon Crawl Stone Soup version 0.29-a0-330-g52719c12eb (webtiles) character file.

Game seed: 8270286367148676928

643 GigaChad the Slasher (level 7, -2/59 HPs)
             Began as a Minotaur Gladiator on Apr 12, 2022.
             Was a Follower of Wu Jian.
             Slain by a lemure (4 damage)
             ... led by Pikel
             ... on level 5 of the Dungeon.
             The game lasted 00:09:38 (2626 turns).

GigaChad the Slasher (Minotaur Gladiator)           Turns: 2626, Time: 00:09:40

Health: -2/59      AC:  5    Str: 18    XL:     7   Next: 26%
Magic:  6/6        EV: 13    Int: 11    God:    Wu Jian [*.....]
Gold:   210        SH:  0    Dex: 20    Spells: 6/6 levels left

rFire   . . .      SeeInvis .   a - +0 long sword
rCold   . . .      Faith    .   (no shield)
rNeg    . . .      Spirit   .   g - +0 ring mail
rPois   .          Reflect  .   c - +0 hat
rElec   .          Harm     .   (no cloak)
rCorr   .          Rampage  .   (no gloves)
Will    .....                   (no boots)
Stlth   +.........              (no amulet)
HPRegen 0.19/turn               l - +6 ring of dexterity
MPRegen 0.10/turn               i - +6 ring of intelligence

@: lethally poisoned (-2 -> -6)
A: horns 2, retaliatory headbutt
a: Renounce Religion


You were on level 5 of the Dungeon.
You worshipped Wu Jian.
Wu Jian was aware of your devotion.
You visited 1 branch of the dungeon, and saw 5 of its levels.

You collected 210 gold pieces.

Inventory:

Hand Weapons
 a - a +0 long sword (weapon)
 x - a +0 hand axe
Missiles
 d - 4 throwing nets (quivered)
 e - a javelin
Armour
 b - a +0 leather armour
 c - a +0 hat (worn)
 g - a +0 ring mail (worn)
 h - a +0 buckler
Jewellery
 i - a +6 ring of intelligence (right hand)
 l - a +6 ring of dexterity (left hand)
Wands
 s - a wand of iceblast (12)
 w - a wand of paralysis (14)
Scrolls
 j - a scroll of teleportation {unknown}
 o - a scroll of holy word {unknown}
 q - a scroll of identify {unknown}
 r - a scroll of brand weapon {unknown}
 t - a scroll of torment {unknown}
 u - a scroll of magic mapping {unknown}
Potions
 f - a potion of curing {unknown}
 k - 2 potions of magic {unknown}
 m - a potion of ambrosia {unknown}
 n - a potion of brilliance {unknown}
 p - a potion of might {unknown}
 v - a potion of heal wounds {unknown}


   Skills:
 + Level 4.2 Fighting
 + Level 7.6 Long Blades
 + Level 2.1 Throwing
 + Level 4.2 Armour
 + Level 4.2 Dodging
 + Level 0.8 Stealth


You had 6 spell levels left.
You didn't know any spells.
Your spell library contained the following spells:

 Spells                   Type           Power      Damage    Failure   Level
 Animate Skeleton         Necr           0%         N/A       52%         1
 Pain                     Necr           0%         1d4       52%         1
 Tukima's Dance           Hex            0%         N/A       87%         3
 Vampiric Draining        Necr           0%         2d6       87%         3
 Passage of Golubria      Tloc           0%         N/A       99%         4
 Yara's Violent Unravell  Hex/Tmut       0%         3d3       100%        5


Dungeon Overview and Level Annotations

Branches:
Dungeon (5/15)
 Temple: D:4-7

Altars:
Wu Jian

Annotations:
D:3 2 transporters, dianekeaton's ghost, amateur MiFi
D:5 Pikel


Innate Abilities, Weirdness & Mutations

You have a pair of horns on your head.
You reflexively headbutt those who attack you in melee.


Message History

The lemure is lightly wounded.
The lemure hits you. The lemure misses you.
The adder bites you but does no damage.
You hit the lemure.
The lemure is moderately wounded.
The adder misses you.
The lemure hits you. x2; The adder misses you.
You furiously retaliate!
You headbutt the adder! You hit the lemure.
The lemure is moderately wounded.
The lemure misses you. The lemure barely misses you. The lemure hits you.
* * * LOW HITPOINT WARNING * * *
The adder closely misses you.
You slash the lemure! You headbutt the lemure.
The lemure is almost dead.
The lemure closely misses you. The lemure barely misses you.
The lemure hits you but does no damage. The adder bites you but does no damage.
The lemure hits you but does no damage. The lemure hits you.
* * * LOW HITPOINT WARNING * * *
You slash Pikel!
Pikel is moderately wounded.
The adder bites you.
* * * LOW HITPOINT WARNING * * *
The lemure barely misses you.
The lemure hits you but does no damage. x2
Pikel closely misses you. The adder closely misses you.
You closely miss Pikel.
Pikel is moderately wounded.
The adder closely misses you. The lemure misses you.
The lemure closely misses you. The lemure hits you.
* * * LOW HITPOINT WARNING * * *
Pikel hits you with a +0 whip of freezing.
* * * LOW HITPOINT WARNING * * *
Pikel freezes you.
* * * LOW HITPOINT WARNING * * *
You hit Pikel. You headbutt Pikel.
Pikel is moderately wounded.
The adder bites you.
* * * LOW HITPOINT WARNING * * *
You are lethally poisoned!
The adder poisons you! The lemure hits you.
You die...

##.....####..## .....#
.......##..#..##....##.
#.......#..#...........
#....#............#.##
...
#.##..........#..##..##
... .. #.#...##...#.##
...##.## #
#..##..##.##...###...)..#
#...
.....#####..S#.#.....#
#..#......# ###@K5.#....#
#.###.......##.555......#
## ...................#..
..........#........##
#.........##.....^......
.. #............. .
................
.................
.................


You could see Pikel, 4 lemures and an adder.

Vanquished Creatures
  3 phantoms
  2 scorpions
  A necrophage (D:5)
  2 hounds
  An iguana (D:4)
  4 adders
  2 shadow imps
  An ufetubus (D:4)
  A worm (D:2)
  A dart slug (D:4)
  10 orcs
  5 ball pythons
  8 bats
  14 endoplasms
  2 giant cockroaches
  9 goblins
  5 hobgoblins
  5 kobolds
  3 quokkas
  8 frilled lizards
  13 rats
100 creatures vanquished.

Vanquished Creatures (others)
  8 plants (D:4)
8 creatures vanquished.

Grand Total: 108 creatures vanquished

Notes
Turn   | Place    | Note
-------+----------+-------------------------------------------
     0 | D:1      | GigaChad the Minotaur Gladiator began the quest for the
                  | Orb.
     0 | D:1      | Reached XP level 1. HP: 18/18 MP: 0/0
   161 | D:1      | Reached skill level 4 in Long Blades
   161 | D:1      | Reached XP level 2. HP: 23/25 MP: 1/1
   577 | D:2      | Reached XP level 3. HP: 19/30 MP: 2/2
   935 | D:3      | Reached skill level 1 in Armour
   971 | D:3      | Reached XP level 4. HP: 16/38 MP: 3/3
   997 | D:3      | Found an ornate altar of the Wu Jian Council.
  1007 | D:3      | Became a worshipper of the Wu Jian Council
  1044 | D:3      | Found a transporter.
  1056 | D:3      | Noticed dianekeaton's ghost (amateur MiFi)
  1058 | D:3      | Found a transporter.
  1232 | D:3      | Reached skill level 5 in Long Blades
  1647 | D:4      | Noticed a scorpion
  1654 | D:4      | Killed a scorpion
  1655 | D:4      | Reached XP level 5. HP: 38/45 MP: 4/4
  1781 | D:4      | Reached skill level 6 in Long Blades
  1783 | D:4      | Reached * piety under Wu Jian
  1830 | D:4      | Noticed a phantom
  1838 | D:4      | Killed a phantom
  1839 | D:4      | Reached XP level 6. HP: 48/52 MP: 5/5
  2423 | D:5      | Entered Level 5 of the Dungeon
  2459 | D:5      | Reached skill level 7 in Long Blades
  2602 | D:5      | Noticed Pikel
  2610 | D:5      | Reached XP level 7. HP: 36/59 MP: 6/6
  2626 | D:5      | HP: 2/59 [adder (2)]
  2626 | D:5      | Slain by a lemure

Illustrated notes

Levels and vault maps discovered:
D:1:      dpeg_arrival_solitude, layout_basic, minmay_rat_gold_closets
D:2:      layout_basic, serial_glass, glass_columns_c, glass_columns_a,
          minmay_divided_ellipse
D:3:      layout_basic, lemuel_coloured_pillars_altar,
          gammafunk_ghost_mausoleum, minivault_5
D:4:      layout_loops_corners, minmay_lizard_king
D:5:      minmay_skewed_foursquare, layout_cave_pools,
          mainiacjoe_overflow_alcove_2, mainiacjoe_overflow_six_doors_small,
          uniq_pikel, uniq_crazy_yiuf_cottage

Skill      XL: |  1  2  3  4  5  6 |
---------------+-------------------+-----
Long Blades    | 4 5 6 7 |  7.6
Fighting       | 3 4 |  4.2
Armour         | 1 2 4 |  4.2
Dodging        | 4 |  4.2
Throwing       | |  2.1
Stealth        | |  0.8

Action                   |  1- 3 |  4- 6 |  7- 9 || total
-------------------------+-------+-------+-------++-------
Melee: Long sword        |    86 |   101 |    10 ||   197
       Headbutt          |    15 |    17 |     2 ||    34
Invok: Lunge             |       |    12 |       ||    12
       Whirlwind         |       |    13 |     1 ||    14
Armor: Ring mail         |    37 |    31 |     9 ||    77
Dodge: Dodged            |    74 |    83 |    16 ||   173

Table legend: (Time is in decaauts)
 A = Elapsed time spent in this place.
 B = Non-inter-level travel time spent in this place.
 C = Inter-level travel time spent in this place.
 D = Time resting spent in this place.
 E = Time spent auto-exploring this place.
 F = Levels seen in this place.
 G = Mean time per level.
                   A        B        C        D        E       F      G
               +--------+--------+--------+--------+--------+-----+--------+
         Total |   2647 |   2647 |      0 |     59 |    649 |   5 |  529.4 |
       Dungeon |   2647 |   2647 |      0 |     59 |    649 |   5 |  529.4 |
               +--------+--------+--------+--------+--------+-----+--------+

Top non-repeatable levels by time:
     D:4: 1125 daAuts
     D:1: 541 daAuts
     D:3: 417 daAuts
     D:2: 360 daAuts
     D:5: 203 daAuts
